 Dungeon Crawl Stone Soup version 0.23-a0-419-g0174fd8 (webtiles) character file.

47446 HerrDoktor the Brawler (level 14, 140/140 HPs)
             Began as a Troll Berserker on Sept 25, 2018.
             Was a High Priest of Trog.
             Quit the game on level 2 of the Lair of Beasts on Nov 11, 2018.
             The game lasted 00:55:54 (12965 turns).

HerrDoktor the Brawler (Troll Berserker)           Turns: 12965, Time: 00:55:55

Health: 140/140    AC:  7    Str: 30    XL:     14   Next: 8%
Magic:  15/15      EV: 14    Int:  3    God:    Trog [*****.]
Gold:   820        SH:  5    Dex: 11    Spells: 13/13 levels left

rFire    + . .     SeeInvis +     - Unarmed
rCold    + + .     Gourm    +   (no shield)
rNeg     . . .     Faith    .   F - +2 robe {MR+}
rPois    .         Spirit   .   (helmet restricted)
rElec    +         Reflect  +   Y - scarf {rC+ rF+}
rCorr    .         Harm     .   (gloves unavailable)
MR       +++..                  (boots unavailable)
Stlth    +.........             z - +5 amulet of reflection
HPRegen  0.73/turn              d - ring of protection from magic
MPRegen  0.14/turn              j - ring "Saugups" {+Fly rElec rC+ SInv}

@: no status effects
A: large, unfitting armour, claws 3, fast metabolism 3, gourmand, regeneration
1, shaggy fur 1, tough skin 2
a: Berserk, Trog's Hand, Brothers in Arms, Renounce Religion, Evoke Flight


You were on level 2 of the Lair of Beasts.
You worshipped Trog.
Trog was extremely pleased with you.
You were not hungry.

You visited 2 branches of the dungeon, and saw 13 of its levels.

You collected 820 gold pieces.

Inventory:

Hand Weapons
 a - a +1 hunting sling
 X - a +0 vampiric dagger
 Z - a +1 great sword of electrocution
Missiles
 i - 4 steel javelins
 P - 7 silver javelins (quivered)
 Q - 2 javelins
Armour
 f - a +0 pair of gloves
 m - a +1 cloak
 F - a +2 robe of magic resistance (worn)
 Y - a scarf of resistance (worn)
Jewellery
 d - a ring of protection from magic (left claw)
 e - an uncursed ring of protection from fire
 h - an uncursed ring of fire
 j - the ring "Saugups" (right claw) {+Fly rElec rC+ SInv}
   (You acquired it on level 9 of the Dungeon)

   [ring of protection from cold]

   It protects you from cold.
   It insulates you from electricity.
   It lets you see invisible.
   It lets you fly.
 k - a +2 ring of dexterity {unknown}
 z - a +5 amulet of reflection (around neck)
 J - a +3 ring of slaying
 K - an uncursed ring of positive energy
 U - the ring "Onlereul" {Fire Str+5 Dex-5}
   (You found it on level 9 of the Dungeon)

   [ring of fire]

   It enhances your fire magic.
   It affects your strength (+5).
   It affects your dexterity (-5).
   It protects you from fire.
   It makes you vulnerable to cold.
Wands
 g - a wand of iceblast (9)
 n - a wand of disintegration (17)
 E - a wand of flame (42)
 W - a wand of acid (20)
Scrolls
 r - 2 scrolls of identify
 v - 2 scrolls of magic mapping
 x - a scroll of enchant armour
 H - 5 scrolls of remove curse
 I - 5 scrolls of teleportation
 N - 2 scrolls of fear
 V - a scroll of blinking
Potions
 c - 3 potions of might
 l - 3 potions of brilliance
 o - a potion of cancellation {unknown}
 p - 3 potions of agility
 q - 2 potions of magic
 t - a potion of curing
 u - a potion of flight
 w - 2 potions of ambrosia
 B - 2 potions of lignification {unknown}
 C - 3 potions of haste
 O - 3 potions of heal wounds {unknown}
 S - a potion of berserk rage {unknown}
Miscellaneous
 T - a fan of gales
Comestibles
 b - 24 rations


   Skills:
 * Level 9.4 Fighting
 + Level 6.1 Throwing
 + Level 9.1 Dodging
 - Level 0.2 Stealth
 + Level 15.3 Unarmed Combat
 + Level 3.2 Evocations


You had 13 spell levels left.
You didn't know any spells.
Your spell library was empty.

Dungeon Overview and Level Annotations

Branches:
Dungeon (11/15)            Temple (0/1) D:5            Lair (2/6) D:11
  Swamp: Lair:2-4    Shoals: Lair:2-4     Snake: Lair:2-4    Spider: Lair:2-4
    Orc: D:9-12

Altars:
Dithmenos
Qazlal

Annotations:
D:10 2 transporters, heinrich's ghost, novice TrMo
Lair:2 3 runed doors, exclusion: 4 oklob plants, Foefao Rulua's ghost, journeyman DEAE


Innate Abilities, Weirdness & Mutations

You are too large for most types of armour.
You have claws for hands.
Your metabolism is lightning-fast.
You like to eat raw meat.
Your natural rate of healing is unusually fast.
You are covered in fur. (AC +1)
You have very tough skin. (AC +2)


Message History

You destroy the plant!
You mangle the plant!!
The plant is heavily damaged.
You claw the plant!
The plant is severely damaged.
You completely miss the plant.
The plant is severely damaged.
You mangle the plant!!
You destroy the plant!
You mangle the plant!!
The plant is moderately damaged.
You mangle the plant!! You claw the plant!
You destroy the plant!
You enter the shallow water.
Moving in this stuff is going to be slow.
You enter the shallow water.
Moving in this stuff is going to be slow.
There is a stone staircase leading up, spattered with blood here.
Unknown command.
Are you sure you want to abandon this character and quit the game? (Confirm

.....####..#......PP...P#...#.###
.....#....##.......######....#.P#
.....##...##......#....##....#...
.....#............##....P...#....
..........#.......#..........#...
..........##......##........#....
......#...........##...P.........
.....##...##......##..###...#..##
.....###..##....@.##P.#.#...#.#..
.....###..#......................
.........).......................
.................................
.................................
.................................
....###..####....................
....####..##..........>........##
....##.........##.####.##P.....#.


There were no monsters in sight!

Vanquished Creatures
  2 hydras
  2 two-headed ogres
  An unseen horror (D:11)
  An orc knight (D:10)
  An orc sorcerer (D:11)
  An ugly thing (D:11)
  9 spiny frogs
  A gargoyle (D:11)
  2 kobold demonologists (D:10)
  6 komodo dragons
  A troll (D:11)
  2 hornets
  A hippogriff (D:8)
  Sigmund (D:6)
  2 hogs (D:9)
  4 wyverns
  8 yaks
  A human (D:9)
  A hungry ghost (D:11)
  A steam dragon (D:11)
  Edmund (D:5)
  2 basilisks
  An acid dragon (D:11)
  Duvessa (D:5)
  3 water moccasins
  A porcupine (Lair:1)
  7 orc warriors
  6 ice beasts
  4 sky beasts
  A phantom (D:9)
  A necrophage (D:8)
  3 ogres
  5 wolves (Lair:2)
  9 centaurs
  3 crocodiles
  3 big kobolds (D:10)
  6 bullfrogs
  2 wyvern zombies
  A wyvern skeleton (D:6)
  2 scorpions
  Dowan (D:5)
  14 killer bees
  3 wights (D:7)
  7 howler monkeys
  2 centaur zombies (D:6)
  5 crimson imps
  6 hounds
  A centaur skeleton (D:7)
  10 orc wizards
  A bullfrog skeleton (D:6)
  7 orc priests
  2 jellies (D:9)
  Jessica (D:3)
  3 iguanas
  10 worker ants
  A hound skeleton (D:4)
  A howler monkey zombie (D:6)
  A worker ant zombie (D:5)
  A howler monkey skeleton (D:4)
  19 adders
  3 gnolls (D:4)
  A shadow imp (D:7)
  3 white imps (D:9)
  A howler monkey simulacrum (D:9)
  A worker ant simulacrum (D:9)
  An adder zombie (D:7)
  4 worms
  A dart slug (D:2)
  5 leopard geckos
  48 orcs
  6 bats
  8 giant cockroaches
  10 goblins
  11 hobgoblins
  13 jackals
  9 kobolds
  6 quokkas
  2 ball pythons
  7 frilled lizards
  2 leopard gecko zombies (D:6)
  2 quokka skeletons
  2 quokka zombies
  5 rats
  A fungus (Lair:2)
  6 plants (Lair:2)
364 creatures vanquished.

Vanquished Creatures (collateral kills)
  The ghost of Madmarshman the Cleaver, a novice MiBe of Trog (D:9)
1 creature vanquished.

Vanquished Creatures (others)
  A jelly (D:5)
  An orc (D:7)
2 creatures vanquished.

Grand Total: 367 creatures vanquished

Notes
Turn   | Place    | Note
-------+----------+-------------------------------------------
     0 | D:1      | HerrDoktor the Troll Berserker began the quest for the Orb.
     0 | D:1      | Reached XP level 1. HP: 22/22 MP: 0/0
   123 | D:1      | Reached XP level 2. HP: 27/29 MP: 1/1
   552 | D:1      | Reached ** piety under Trog
   708 | D:2      | Reached XP level 3. HP: 36/36 MP: 2/2
  1071 | D:2      | Reached skill level 4 in Unarmed Combat
  1148 | D:2      | Reached XP level 4. HP: 38/45 MP: 3/3
  1520 | D:3      | Noticed Jessica
  1529 | D:3      | Killed Jessica
  1582 | D:3      | Reached XP level 5. HP: 37/53 MP: 4/4
  1723 | D:3      | Reached *** piety under Trog
  2083 | D:3      | Reached skill level 5 in Unarmed Combat
  2743 | D:4      | Reached XP level 6. HP: 58/61 MP: 5/5
  2967 | D:4      | Reached skill level 6 in Unarmed Combat
  3005 | D:4      | Reached **** piety under Trog
  3209 | D:4      | Reached XP level 7. HP: 67/67 MP: 6/6
  3456 | D:4      | Reached skill level 7 in Unarmed Combat
  3641 | D:5      | Entered Level 5 of the Dungeon
  3644 | D:5      | Found a staircase to the Ecumenical Temple.
  3653 | D:5      | Reached skill level 1 in Throwing
  3653 | D:5      | Noticed Edmund
  3662 | D:5      | Killed Edmund
  3800 | D:5      | Noticed Duvessa
  3800 | D:5      | Noticed Dowan
  3814 | D:5      | Killed Dowan
  3818 | D:5      | Killed Duvessa
  3903 | D:4      | Reached XP level 8. HP: 71/78 MP: 7/7
  3919 | D:5      | Reached skill level 8 in Unarmed Combat
  4077 | D:5      | Found a stormy altar of Qazlal.
  4587 | D:6      | Noticed Sigmund
  4607 | D:6      | Killed Sigmund
  4607 | D:6      | Reached ***** piety under Trog
  4607 | D:6      | Reached skill level 9 in Unarmed Combat
  4890 | D:6      | Found a shadowy altar of Dithmenos.
  4975 | D:6      | Received a gift from Trog
  5080 | D:6      | Reached XP level 9. HP: 85/85 MP: 8/8
  5252 | D:7      | Reached skill level 10 in Unarmed Combat
  5737 | D:7      | Reached skill level 5 in Fighting
  5904 | D:7      | Reached skill level 5 in Dodging
  6399 | D:8      | Reached skill level 11 in Unarmed Combat
  7181 | D:9      | Found a runed gate.
  7186 | D:9      | Found a runed gate.
  7186 | D:9      | Found a runed gate.
  7207 | D:9      | Reached XP level 10. HP: 57/96 MP: 9/9
  7306 | D:9      | Noticed Madmarshman's ghost (novice MiBe)
  7411 | D:9      | Found a flagged portal.
  7441 | D:9      | Paralysed by a hornet for 2 turns
  7503 | D:9      | Noticed a two-headed ogre
  7509 | D:9      | Killed a two-headed ogre
  7509 | D:9      | Reached skill level 12 in Unarmed Combat
  7745 | D:9      | Received a gift from Trog
  8037 | D:9      | Killed Madmarshman's ghost
  8091 | D:9      | Got the ring "Onlereul" {Fire}
  8099 | D:9      | Identified a scroll of acquirement
  8100 | D:9      | Got a warped bone ring
  8102 | D:9      | Identified the ring "Saugups" {+Fly rElec rC+ SInv} (You
                  | acquired it on level 9 of the Dungeon)
  8104 | D:9      | Identified the ring "Onlereul" {Fire Str+5 Dex-5} (You
                  | found it on level 9 of the Dungeon)
  8162 | D:10     | Entered Level 10 of the Dungeon
  8300 | D:10     | Found a transporter.
  8305 | D:10     | Found a transporter.
  8305 | D:10     | Noticed heinrich's ghost (novice TrMo)
  8306 | D:10     | Noticed a necromancer
  8455 | D:10     | Reached skill level 13 in Unarmed Combat
  8495 | D:10     | Reached XP level 11. HP: 107/107 MP: 10/10
  8671 | D:10     | Paralysed by a hornet for 1 turns
  8991 | D:11     | Noticed an orc knight
  8991 | D:11     | Noticed an orc sorcerer
  9029 | D:10     | Killed an orc knight
  9243 | D:11     | Killed an orc sorcerer
  9346 | D:11     | Received a gift from Trog
  9484 | D:11     | Noticed a two-headed ogre
  9504 | D:11     | Killed a two-headed ogre
  9504 | D:11     | Reached skill level 14 in Unarmed Combat
  9927 | D:11     | Reached skill level 5 in Throwing
  9927 | D:11     | Reached skill level 1 in Evocations
  9927 | D:11     | Reached XP level 12. HP: 119/119 MP: 10/12
  9928 | D:11     | Reached XP level 13. HP: 131/131 MP: 10/14
 10163 | D:11     | Found a staircase to the Lair.
 10579 | Lair:1   | Entered Level 1 of the Lair of Beasts
 10753 | Lair:1   | Reached skill level 15 in Unarmed Combat
 11669 | Lair:2   | Reached XP level 14. HP: 138/140 MP: 15/15
 12072 | Lair:2   | Noticed Foefao Rulua's ghost (journeyman DEAE)
 12077 | Lair:2   | Found a runed gate.
 12078 | Lair:2   | Found a runed gate.
 12099 | Lair:2   | Found a runed gate.
 12216 | Lair:2   | Found the ring of the Mage {Wiz MR++ Int+3}
 12835 | Lair:2   | Upgraded the game from 0.23-a0-208-gb6b040f to
                  | 0.23-a0-419-g0174fd8
 12965 | Lair:2   | Quit the game

Vault maps used:
D:1:      lightli_arrival_quake
D:3:      minmay_cut_off, uniq_jessica
D:4:      first_ration
D:5:      grunt_qazlal_clouds, minmay_temple_entry_glass, dk_noncrumbling_3,
          uniq_edmund, uniq_duvessa
D:6:      serial_undead, serial_undead_d, serial_undead_d, serial_undead_e,
          serial_undead_c, nicolae_dithmenos_shadow_blocks, uniq_sigmund
D:9:      enter_bailey_2, gammafunk_ghost_icy, nicolae_lava_and_water,
          grunt_livestock
D:10:     gammafunk_ghost_arena
D:11:     erik_lair_dragon
Lair:1:   beast_lair_carwin_10
Lair:2:   gammafunk_ghost_split, serial_bayou_pond_c, minmay_lair_oklob_chamber

Skill      XL: |  1  2  3  4  5  6  7  8  9 10 11 12 13 14 |
---------------+-------------------------------------------+-----
Fighting       | 3 4 5 6 7 9 |  9.4
Unarmed Combat | 4 5 6 7 9 11 13 14 15 | 15.3
Dodging        | 3 4 5 6 7 8 9 |  9.1
Throwing       | 1 2 3 5 6 |  6.1
Evocations     | 1 3 |  3.2
Stealth        | |  0.2

Action                   |  1- 3 |  4- 6 |  7- 9 | 10-12 | 13-15 || total
-------------------------+-------+-------+-------+-------+-------++-------
Melee: Unarmed           |    86 |   188 |   279 |   277 |   149 ||   979
       Punch             |     1 |     2 |    16 |    21 |    14 ||    54
 Fire: Hunting sling     |    10 |    16 |       |       |       ||    26
Throw: Stone             |     8 |    18 |       |       |       ||    26
       Tomahawk          |       |     5 |     6 |       |       ||    11
       Javelin           |       |       |     6 |     9 |     5 ||    20
Invok: Berserk           |       |     4 |     6 |     9 |     4 ||    23
       Trog's Hand       |       |       |     1 |     2 |     1 ||     4
       Brothers in Arms  |       |       |       |     2 |       ||     2
Evoke: Wand              |       |       |       |       |     4 ||     4
  Use: Scroll            |     1 |     5 |     8 |     9 |     4 ||    27
       Potion            |       |       |       |     3 |     2 ||     5
 Stab: Sleeping          |       |       |     2 |       |       ||     2
  Eat: Chunk             |    16 |    19 |    36 |    40 |    23 ||   134
       Ration            |       |       |     1 |       |     1 ||     2
Armor: Animal skin       |    22 |    88 |    61 |    29 |       ||   200
       Robe              |       |       |       |    13 |    17 ||    30
Dodge: Dodged            |    42 |   105 |   115 |   133 |    66 ||   461
Block: Other             |       |       |     7 |    39 |    19 ||    65
       Reflection        |       |       |       |     2 |       ||     2

Table legend:
 A = Non-vault XP
 B = Vault XP
 C = Vault XP percentage of total XP
 D = Non-vault monster count
 E = Vault monster count
 F = Vault count percentage of total count
                 A         B        C        D         E       F
            +---------+---------+-------+---------+---------+-------
      Total |   22498 |    7471 |  24.9 |     314 |      44 |  12.3
            +---------+---------+-------+---------+---------+-------
        D:1 |      38 |       0 |   0.0 |      23 |       0 |   0.0
        D:2 |     110 |       0 |   0.0 |      25 |       0 |   0.0
        D:3 |     110 |      43 |  28.1 |      28 |       3 |   9.7
        D:4 |     631 |       0 |   0.0 |      28 |       0 |   0.0
        D:5 |     401 |     383 |  48.9 |      19 |       3 |  13.6
        D:6 |     722 |     443 |  38.0 |      21 |       8 |  27.6
        D:7 |    1271 |       0 |   0.0 |      27 |       0 |   0.0
        D:8 |    1166 |       0 |   0.0 |      17 |       0 |   0.0
        D:9 |    2188 |    1991 |  47.6 |      25 |      15 |  37.5
       D:10 |    4786 |       0 |   0.0 |      41 |       0 |   0.0
       D:11 |    5572 |    1014 |  15.4 |      41 |       5 |  10.9
     Lair:1 |    2623 |    3057 |  53.8 |       8 |       8 |  50.0
     Lair:2 |    2880 |     540 |  15.8 |      11 |       2 |  15.4
            +---------+---------+-------+---------+---------+-------
